TOP OF THE 1ST |
Nashville Hot Chickens batting - Pitching for Florida Men : LHP Beau Kelley
|
Pitching: LHP Beau Kelley
|
|
Batting: RHB Brooks Reynolds
|
0-0: Called Strike 0-1: Fly out, F9 (Flyball, 9S, EV 91.2 MPH)
|
Batting: RHB Greg Smith
|
0-0: Ball 1-0: Ball 2-0: Ball 3-0: Fly out, F9 (Flyball, 9LS, EV 94.4 MPH)
|
Batting: SHB Markus Anderson
|
0-0: Swinging Strike 0-1: Called Strike 0-2: Foul Ball, location: 2F 0-2: Foul Ball, location: 2F 0-2: Ball 1-2: Ground out 5-3 (Groundball, 5L, EV 82.5 MPH)
|
Top of the 1st over - 0 runs, 0 hits, 0 errors, 0 left on base; Nashville 0 - Florida 0 |
BOTTOM OF THE 1ST |
Florida Men batting - Pitching for Nashville Hot Chickens : RHP Chin-yau Tu
|
Pitching: RHP Chin-yau Tu
|
|
Batting: RHB Red Greene
|
0-0: Ball 1-0: Ground out 5-3 (Groundball, 56, EV 99.4 MPH)
|
Batting: RHB Tak-keung Zha
|
0-0: Swinging Strike 0-1: Swinging Strike 0-2: Fly out, F8 (Line Drive, 89D, EV 92.5 MPH)
|
Batting: LHB Román Merced
|
0-0: Ball 1-0: Called Strike 1-1: Ball 2-1: Ball 3-1: Called Strike 3-2: Base on Balls
|
Batting: LHB Phil Berry
|
0-0: Called Strike Román Merced is caught stealing 2nd base 2-6
|
Bottom of the 1st over - 0 runs, 0 hits, 0 errors, 0 left on base; Nashville 0 - Florida 0 |
TOP OF THE 2ND |
Nashville Hot Chickens batting - Pitching for Florida Men : LHP Beau Kelley
|
Batting: RHB Pakomio Alepeleke
|
0-0: Ball 1-0: Ball 2-0: Swinging Strike 2-1: Ground out 6-3 (Groundball, 6M, EV 103.8 MPH)
|
Batting: SHB Reynaldo Cruz
|
0-0: Ball 1-0: Swinging Strike 1-1: Called Strike 1-2: Ball 2-2: Strikes out swinging
|
Batting: RHB James Wells
|
0-0: Ball 1-0: Ball 2-0: Ball 3-0: Base on Balls
|
Batting: LHB Tadasu Ogasahara
|
0-0: Foul Ball, location: 2F 0-1: Ball 1-1: Swinging Strike 1-2: Ball Balk! James Wells to second 2-2: Foul Ball, location: 2F 2-2: Ground out 4-3 (Groundball, 4, EV 105.0 MPH)
|
Top of the 2nd over - 0 runs, 0 hits, 0 errors, 1 left on base; Nashville 0 - Florida 0 |
BOTTOM OF THE 2ND |
Florida Men batting - Pitching for Nashville Hot Chickens : RHP Chin-yau Tu
|
Batting: LHB Phil Berry
|
0-0: Ball 1-0: Called Strike 1-1: Foul Ball, location: 2F 1-2: Ball 2-2: Ground out 6-3 (Groundball, 4, EV 84.4 MPH)
|
Batting: LHB Shu-yaan Hor
|
0-0: Called Strike 0-1: Fly out, F7 (Flyball, 78S, EV 89.4 MPH)
|
Batting: LHB Dillon Bert
|
0-0: Called Strike 0-1: DOUBLE (Line Drive, 89M, EV 108.8 MPH)
|
Batting: RHB Charles Cummings
|
0-0: DOUBLE (Line Drive, 89XD, EV 101.9 MPH) Dillon Bert scores
|
Batting: RHB Ron Jackson
|
0-0: Called Strike 0-1: SINGLE (Line Drive, 9S, EV 98.8 MPH) Charles Cummings to third
|
Batting: RHB Tai Kuo
|
0-0: Ball 1-0: Fielders Choice at 2nd, 6-4 (Groundball, 6, EV 79.4 MPH)
|
Bottom of the 2nd over - 1 run, 3 hits, 0 errors, 2 left on base; Nashville 0 - Florida 1 |
TOP OF THE 3RD |
Nashville Hot Chickens batting - Pitching for Florida Men : LHP Beau Kelley
|
Batting: LHB Cory Blatchford
|
0-0: Fly out, F7 (Flyball, 78M, EV 82.5 MPH)
|
Batting: RHB Robbie McClellan
|
0-0: Ball 1-0: Ball 2-0: Foul Ball, location: 2F 2-1: Ground out 4-3 (Groundball, 4, EV 111.2 MPH)
|
Batting: RHB Brooks Reynolds
|
0-0: Ball 1-0: Swinging Strike 1-1: Foul Ball, location: 2F 1-2: Fly out, F9 (Flyball, 9, EV 81.9 MPH)
|
Top of the 3rd over - 0 runs, 0 hits, 0 errors, 0 left on base; Nashville 0 - Florida 1 |
BOTTOM OF THE 3RD |
Florida Men batting - Pitching for Nashville Hot Chickens : RHP Chin-yau Tu
|
Batting: RHB Red Greene
|
0-0: Ball 1-0: Called Strike 1-1: Ball 2-1: Bunt missed! 2-2: Ball 3-2: Fly out, F8 (Flyball, 8LD, EV 86.9 MPH)
|
Batting: RHB Tak-keung Zha
|
0-0: Called Strike 0-1: Foul Ball, location: 2F 0-2: Ball 1-2: Fly out, F9 (Line Drive, 9, EV 98.8 MPH)
|
Batting: LHB Román Merced
|
0-0: Ball 1-0: Ground out U3 (Groundball, 34, EV 95.6 MPH)
|
Bottom of the 3rd over - 0 runs, 0 hits, 0 errors, 0 left on base; Nashville 0 - Florida 1 |
TOP OF THE 4TH |
Nashville Hot Chickens batting - Pitching for Florida Men : LHP Beau Kelley
|
Batting: RHB Greg Smith
|
0-0: Ball 1-0: Foul Ball, location: 2F 1-1: Fly out, F9 (Flyball, 89XD, EV 94.4 MPH)
|
Batting: SHB Markus Anderson
|
0-0: Foul Ball, location: 2F 0-1: Ball 1-1: Fly out, F8 (Flyball, 8RM, EV 82.5 MPH)
|
Batting: RHB Pakomio Alepeleke
|
0-0: Called Strike 0-1: Ball 1-1: Foul Ball, location: 2F 1-2: Ball 2-2: Ball 3-2: Ground out 5-3 (Groundball, 5, EV 101.2 MPH)
|
Top of the 4th over - 0 runs, 0 hits, 0 errors, 0 left on base; Nashville 0 - Florida 1 |
BOTTOM OF THE 4TH |
Florida Men batting - Pitching for Nashville Hot Chickens : RHP Chin-yau Tu
|
Batting: LHB Phil Berry
|
0-0: Swinging Strike 0-1: Ball 1-1: DOUBLE (Line Drive, 7LM, EV 104.4 MPH)
|
Batting: LHB Shu-yaan Hor
|
0-0: Fly out, F7 (Flyball, 7LM, EV 78.8 MPH)
|
Batting: LHB Dillon Bert
|
0-0: Ball 1-0: Ball 2-0: Ball 3-0: Base on Balls
|
Batting: RHB Charles Cummings
|
0-0: Foul Ball, location: 2F 0-1: Ball 1-1: Ball 2-1: SINGLE (Line Drive, 56, EV 94.4 MPH) Phil Berry to third Dillon Bert to second
|
Batting: RHB Ron Jackson
|
0-0: Ball 1-0: Called Strike 1-1: Foul Ball, location: 2F 1-2: Ground out 4-3 (Groundball, 34D, EV 105.6 MPH) Phil Berry scores Dillon Bert to third Charles Cummings to second
|
Batting: RHB Tai Kuo
|
0-0: Ball 1-0: Swinging Strike 1-1: SINGLE (Groundball, 6MD, EV 99.4 MPH) Dillon Bert scores Charles Cummings to third
|
Batting: RHB Red Greene
|
0-0: Foul Ball, location: 2F 0-1: Foul Ball, location: 2F 0-2: Foul Ball, location: 2F 0-2: Strikes out swinging
|
Bottom of the 4th over - 2 runs, 3 hits, 0 errors, 2 left on base; Nashville 0 - Florida 3 |
TOP OF THE 5TH |
Nashville Hot Chickens batting - Pitching for Florida Men : LHP Beau Kelley
|
Batting: SHB Reynaldo Cruz
|
0-0: Called Strike 0-1: Foul Ball, location: 2F 0-2: Foul Ball, location: 2F 0-2: Ball 1-2: SINGLE (Flyball, 8LS, EV 97.5 MPH)
|
Batting: RHB James Wells
|
0-0: Called Strike 0-1: Called Strike 0-2: Foul Ball, location: 2F 0-2: Ball 1-2: Ball 2-2: Foul Ball, location: 2F 2-2: Ball 3-2: Base on Balls Reynaldo Cruz to second
|
Batting: LHB Tadasu Ogasahara
|
0-0: Bunted foul 0-1: Ball 1-1: Sac Bunt to 2L - play at first, batter OUT! 2-4 Reynaldo Cruz to third James Wells to second
|
Batting: LHB Cory Blatchford
|
0-0: Ball 1-0: Ground out U3 (Groundball, 34, EV 83.8 MPH) Reynaldo Cruz scores James Wells to third
|
Batting: RHB Robbie McClellan
|
0-0: Swinging Strike 0-1: Ball 1-1: Ground out 1-3 (Groundball, 34S, EV 70.0 MPH)
|
Top of the 5th over - 1 run, 1 hit, 0 errors, 1 left on base; Nashville 1 - Florida 3 |
BOTTOM OF THE 5TH |
Florida Men batting - Pitching for Nashville Hot Chickens : RHP Chin-yau Tu
|
Batting: RHB Tak-keung Zha
|
0-0: Ball 1-0: Ground out 6-3 (Groundball, 56, EV 111.9 MPH)
|
Batting: LHB Román Merced
|
0-0: Foul Ball, location: 2F 0-1: Called Strike 0-2: Ball 1-2: Ball 2-2: Ball 3-2: Strikes out swinging
|
Batting: LHB Phil Berry
|
0-0: Called Strike 0-1: Foul Ball, location: 2F 0-2: Fly out, F8 (Line Drive, 8RM, EV 102.5 MPH)
|
Bottom of the 5th over - 0 runs, 0 hits, 0 errors, 0 left on base; Nashville 1 - Florida 3 |
TOP OF THE 6TH |
Nashville Hot Chickens batting - Pitching for Florida Men : LHP Beau Kelley
|
Batting: RHB Brooks Reynolds
|
0-0: Called Strike 0-1: Ball 1-1: Fly out, F7 (Line Drive, 7, EV 87.5 MPH)
|
Batting: RHB Greg Smith
|
0-0: Foul Ball, location: 2F 0-1: Ball 1-1: DOUBLE (Flyball, 89D, EV 110.6 MPH)
|
Batting: SHB Markus Anderson
|
0-0: Ball 1-0: Foul Ball, location: 2F 1-1: Ball 2-1: Foul Ball, location: 2F 2-2: SINGLE (Line Drive, 6M, EV 103.1 MPH) Greg Smith to third
|
Batting: RHB Pakomio Alepeleke
|
0-0: Ball 1-0: Called Strike 1-1: Swinging Strike 1-2: Foul Ball, location: 2F 1-2: Strikes out swinging
|
Batting: SHB Reynaldo Cruz
|
0-0: Foul Ball, location: 2F 0-1: Foul Ball, location: 2F 0-2: Strikes out swinging
|
Top of the 6th over - 0 runs, 2 hits, 0 errors, 2 left on base; Nashville 1 - Florida 3 |
BOTTOM OF THE 6TH |
Florida Men batting - Pitching for Nashville Hot Chickens : RHP Chin-yau Tu
|
Batting: LHB Shu-yaan Hor
|
0-0: Called Strike 0-1: Ball 1-1: Called Strike 1-2: Strikes out swinging
|
Batting: LHB Dillon Bert
|
0-0: Foul Ball, location: 2F 0-1: Ground out 2-3 (Groundball, 15S, EV 66.9 MPH)
|
Batting: RHB Charles Cummings
|
0-0: Ball 1-0: Foul Ball, location: 2F 1-1: Foul Ball, location: 2F 1-2: SINGLE (Groundball, 56D, EV 98.1 MPH)
|
Batting: RHB Ron Jackson
|
0-0: Fly out, F7 (Flyball, 78XD, EV 80.0 MPH)
|
Bottom of the 6th over - 0 runs, 1 hit, 0 errors, 1 left on base; Nashville 1 - Florida 3 |
TOP OF THE 7TH |
Nashville Hot Chickens batting - Pitching for Florida Men : LHP Beau Kelley
|
Batting: RHB James Wells
|
0-0: Ball 1-0: Swinging Strike 1-1: Ball 2-1: Called Strike 2-2: Foul Ball, location: 2F 2-2: Foul Ball, location: 2F 2-2: Ground out 4-3 (Groundball, 4, EV 82.5 MPH)
|
Pitching: RHP Yasuoka Miyazaki
|
|
Batting: LHB Tadasu Ogasahara
|
0-0: SINGLE (Groundball, 34S, EV 76.9 MPH) (infield hit)
|
Batting: LHB Cory Blatchford
|
0-0: Called Strike 0-1: Foul Ball, location: 2F 0-2: Ball 1-2: Ball 2-2: Ball 3-2: Foul Ball, location: 2F 3-2: Foul Ball, location: 2F 3-2: Strikes out swinging
|
Batting: RHB Robbie McClellan
|
0-0: SINGLE (Groundball, P, EV 87.5 MPH) (infield hit) Tadasu Ogasahara to second
|
Batting: RHB Brooks Reynolds
|
0-0: Ball 1-0: Foul Ball, location: 2F 1-1: Ground out 4-3 (Groundball, 34, EV 106.9 MPH)
|
Top of the 7th over - 0 runs, 2 hits, 0 errors, 2 left on base; Nashville 1 - Florida 3 |
BOTTOM OF THE 7TH |
Florida Men batting - Pitching for Nashville Hot Chickens : RHP Chin-yau Tu
|
Batting: RHB Tai Kuo
|
0-0: Called Strike 0-1: Called Strike 0-2: Foul Ball, location: 2F 0-2: Ball 1-2: Strikes out swinging
|
Batting: RHB Red Greene
|
0-0: Called Strike 0-1: Called Strike 0-2: Strikes out swinging
|
Batting: RHB Tak-keung Zha
|
0-0: Called Strike 0-1: Ball 1-1: Foul Ball, location: 2F 1-2: Ground out 5-3 (Groundball, 56S, EV 91.2 MPH)
|
Bottom of the 7th over - 0 runs, 0 hits, 0 errors, 0 left on base; Nashville 1 - Florida 3 |
TOP OF THE 8TH |
Nashville Hot Chickens batting - Pitching for Florida Men : RHP Yasuoka Miyazaki
|
Now in LF: Shu-yaan Hor
|
|
Now in CF: Tak-keung Zha
|
|
Now in RF: Luis Rey
|
|
Batting: RHB Greg Smith
|
0-0: DOUBLE (Line Drive, 89D, EV 99.4 MPH)
|
Batting: SHB Markus Anderson
|
0-0: Called Strike 0-1: Foul Ball, location: 2F 0-2: Foul Ball, location: 2F 0-2: Ball 1-2: Ball 2-2: Strikes out looking
|
Batting: RHB Pakomio Alepeleke
|
0-0: Ball 1-0: Ball 2-0: Ball 3-0: Base on Balls
|
Pinch Runner at 2nd Karst Haazens:
|
|
Batting: SHB Reynaldo Cruz
|
0-0: Foul Ball, location: 2F 0-1: Foul Ball, location: 2F 0-2: Strikes out swinging
|
Batting: RHB James Wells
|
0-0: Ball 1-0: Foul Ball, location: 2F 1-1: Ball 2-1: Foul Ball, location: 2F 2-2: Foul Ball, location: 2F 2-2: Ball 3-2: Foul Ball, location: 2F 3-2: Base on Balls Karst Haazens to third Pakomio Alepeleke to second
|
Batting: LHB Tadasu Ogasahara
|
0-0: Ball 1-0: Called Strike 1-1: Reached on error, E6 (Groundball, 6, EV 78.8 MPH) Karst Haazens scores Pakomio Alepeleke to third James Wells to second
|
Batting: LHB Cory Blatchford
|
0-0: Ball 1-0: Ball 2-0: Ball 3-0: Base on Balls Pakomio Alepeleke scores James Wells to third Tadasu Ogasahara to second
|
Pitching: RHP Danny Antonio
|
|
Batting: RHB Robbie McClellan
|
0-0: Called Strike 0-1: Foul Ball, location: 2F 0-2: Ball 1-2: Ground out U3 (Groundball, 3L, EV 95.0 MPH)
|
Top of the 8th over - 2 runs, 1 hit, 1 error, 3 left on base; Nashville 3 - Florida 3 |
BOTTOM OF THE 8TH |
Florida Men batting - Pitching for Nashville Hot Chickens : RHP Chin-yau Tu
|
Pinch Hitting: LHB Mike Bonner
|
0-0: Swinging Strike 0-1: Swinging Strike 0-2: Ball 1-2: Ball 2-2: Fly out, F5 (Line Drive, 5L, EV 67.5 MPH)
|
Batting: LHB Phil Berry
|
0-0: Ball 1-0: Ball 2-0: Called Strike 2-1: Called Strike 2-2: Strikes out swinging
|
Batting: LHB Shu-yaan Hor
|
0-0: Called Strike 0-1: Ground out 6-3 (Groundball, 6, EV 101.9 MPH)
|
Bottom of the 8th over - 0 runs, 0 hits, 0 errors, 0 left on base; Nashville 3 - Florida 3 |
TOP OF THE 9TH |
Nashville Hot Chickens batting - Pitching for Florida Men : RHP Danny Antonio
|
Now in RF: Marcus Simmons
|
|
Batting: RHB Brooks Reynolds
|
0-0: Called Strike 0-1: Ball 1-1: Ball 2-1: Foul Ball, location: 2F 2-2: Fly out, F6 (Popup, 6, EV 74.4 MPH)
|
Batting: LHB Karst Haazens
|
0-0: Ball 1-0: Ball 2-0: Ground out 4-3 (Groundball, 34, EV 105.6 MPH)
|
Batting: SHB Markus Anderson
|
0-0: Ball 1-0: Swinging Strike 1-1: Foul Ball, location: 2F 1-2: Ball 2-2: Foul Ball, location: 2F 2-2: Strikes out swinging
|
Top of the 9th over - 0 runs, 0 hits, 0 errors, 0 left on base; Nashville 3 - Florida 3 |
BOTTOM OF THE 9TH |
Florida Men batting - Pitching for Nashville Hot Chickens : RHP Chin-yau Tu
|
Pitching: LHP Alejandro Colón
|
|
Pinch Hitting: RHB Ed Butler
|
0-0: SOLO HOME RUN (Flyball, 7D, EV 97.5 MPH), Distance : 383 ft
|
Bottom of the 9th over - 1 run, 1 hit, 0 errors, 0 left on base; Nashville 3 - Florida 4 |
|